 Dungeon Crawl Stone Soup version 0.28-a0-984-g3775c662fe (webtiles) character file.

Game seed: 2234235049923251601

6166 bande the Cleaver (level 10, -5/63 HPs)
             Began as a Gargoyle Fighter on Dec 4, 2021.
             Was a Believer of Okawaru.
             Slain by Harold (9 damage)
             ... on level 8 of the Dungeon.
             The game lasted 00:17:25 (9999 turns).

bande the Cleaver (Gargoyle Fighter)                Turns: 9999, Time: 00:17:26

Health: -5/63      AC: 12    Str: 25    XL:     10   Next: 90%
Magic:  12/12      EV:  5    Int:  9    God:    Okawaru [**....]
Gold:   469        SH:  9    Dex: 11    Spells: 9/9 levels left

rFire   . . .      SeeInvis .   a - +0 war axe (vamp)
rCold   . . .      Faith    .   G - +0 kite shield
rNeg    + . .      Spirit   .   n - +0 plate armour
rPois   ∞          Reflect  .   b - +1 helmet
rElec   +          Harm     .   o - +0 cloak
rCorr   .          Rampage  .   s - +0 pair of gloves
Will    +....                   f - +1 pair of boots
Stlth   ..........              (no amulet)
HPRegen 0.20/turn               e - ring of flight
MPRegen 0.13/turn               B - ring "Tiplavysm" {Wiz Will+ Str+3}

@: corroded, flying, studying Polearms
A: sickness immunity, AC +7, negative energy resistance 1, electricity
resistance, torment resistance 1, petrification resistance
a: Renounce Religion, Heroism


You were on level 8 of the Dungeon.
You worshipped Okawaru.
Okawaru was pleased with you.
You visited 2 branches of the dungeon, and saw 9 of its levels.

You collected 469 gold pieces.

Inventory:

Hand Weapons
 a - a +0 vampiric war axe (weapon)
 g - a +0 war axe
 t - a +0 morningstar
Armour
 b - a +1 helmet (worn)
 f - a +1 pair of boots (worn)
 n - a +0 plate armour (worn)
 o - a +0 cloak (worn)
 s - a +0 pair of gloves (worn)
 G - a +0 kite shield (worn)
Jewellery
 e - a ring of flight (left hand)
 i - a ring of positive energy
 v - a ring of resist corrosion
 A - a ring of see invisible
 B - the ring "Tiplavysm" (right hand) {Wiz Will+ Str+3}
   (You found it on level 6 of the Dungeon)

   [ring of wizardry]

   It improves your spell success rate.
   Str:       It affects your strength (+3).
   Will:      It increases your willpower.
 D - a +6 ring of strength
Wands
 c - a wand of paralysis (9)
 l - a wand of charming (13)
 r - a wand of flame (19)
 w - a wand of acid (7)
 E - a wand of iceblast (11)
Scrolls
 j - a scroll of fog
 m - a scroll of magic mapping
 x - a scroll of summoning
 y - 2 scrolls of teleportation
 C - a scroll of blinking
 F - a scroll of fear
Potions
 d - a potion of might
 h - 3 potions of curing
 k - 3 potions of brilliance
 p - a potion of flight
 q - a potion of invisibility
 u - a potion of heal wounds {unknown}
 z - a potion of mutation {unknown}


   Skills:
 + Level 7.3 Fighting
 + Level 9.6 Axes
 + Level 7.7 Armour
 + Level 6.1 Shields
 * Level 3.5 Invocations
 * Level 5.9 Evocations


You had 9 spell levels left.
You didn't know any spells.
Your spell library contained the following spells:

 Spells                   Type           Power      Damage    Failure   Level
 Slow                     Hex            0%         N/A       99%         1
 Blink                    Tloc           0%         N/A       100%        2
 Ensorcelled Hibernation  Hex/Ice        0%         N/A       100%        2
 Confusing Touch          Hex            0%         N/A       100%        3
 Dazzling Flash           Conj/Hex       0%         N/A       100%        3
 Lesser Beckoning         Tloc           0%         N/A       100%        3
 Spider Form              Tmut/Pois      0%         N/A       100%        3
 Stone Arrow              Conj/Erth      0%         3d7       100%        3
 Vampiric Draining        Necr           0%         2d6       100%        3
 Cause Fear               Hex            0%         N/A       100%        4
 Hailstorm                Conj/Ice       0%         3d3       100%        4
 Ice Form                 Ice/Tmut       0%         N/A       100%        4
 Agony                    Necr           0%         N/A       100%        5
 Fireball                 Conj/Fire      0%         3d3       100%        5
 Iskenderun's Battlesphe  Conj           0%         2d6       100%        5
 Manifold Assault         Tloc           0%         N/A       100%        5
 Silence                  Hex/Air        0%         N/A       100%        5
 Conjure Ball Lightning   Conj/Air       0%         3x3d6     100%        6
 Dragon Form              Tmut           0%         N/A       100%        7
 Orb of Destruction       Conj           0%         N/A       100%        7
 Lehudib's Crystal Spear  Conj/Erth      0%         10d2      100%        8
 Animate Armour           Summ/Erth      Unusable   N/A       N/A         4
 Simulacrum               Ice/Necr       Unusable   N/A       N/A         6
 Dragon's Call            Summ           Unusable   N/A       N/A         9

Dungeon Overview and Level Annotations

Branches:
Dungeon (8/15)             Temple (1/1) D:5            Lair (0/6) D:8

Altars:
Ashenzari
Dithmenos
Elyvilon
Fedhas
Gozag
Hepliaklqana
Kikubaaqudgha
Makhleb
Nemelex Xobeh
Okawaru
Qazlal
Ru
Trog
Uskayaw
Vehumet
Wu Jian
Xom
Yredelemnul
Zin
The Shining One

Shops:
D:7 *

Annotations:
D:8 Harold


Innate Abilities, Weirdness & Mutations

You are immune to sickness and miasma.
Your stone body is resilient. (AC +7)
You are immune to poison.
You resist negative energy. (rN+)
You are resistant to electric shocks. (rElec)
You are resistant to unholy torment.
You are immune to petrification.


Message History

You block the acid dragon's attack.
You completely miss the acid dragon.
The acid dragon is severely wounded.
The acid dragon bites you but does no damage.
You block the acid dragon's attack.
You closely miss the acid dragon.
The acid dragon is severely wounded.
You block the acid dragon's attack.
The acid dragon claws you but does no damage.
You block the acid dragon's attack.
The acid dragon claws you but does no damage.
Unknown command.
You hit the acid dragon but do no damage.
The acid dragon is severely wounded.
The acid dragon bites you but does no damage.
The acid dragon claws you but does no damage.
You hit the acid dragon but do no damage.
The acid dragon is severely wounded.
You hit Harold.
You feel better. Harold gestures at you while chanting.
You barely resist.
The acid dragon bites you but does no damage.
The acid dragon claws you but does no damage.
Harold hits you with a +0 morningstar.
You closely miss the acid dragon.
The acid dragon is severely wounded.
You hit Harold. You slash the white imp!
You kill the white imp!
Okawaru accepts your kill. The acid dragon spits acid at you.
The splash of acid hits you! The acid corrodes you!
Harold hits you with a +0 morningstar!
You hit the acid dragon but do no damage.
The acid dragon is severely wounded.
You slash Harold! The acid dragon spits acid at you.
The splash of acid hits you!!
* * * LOW HITPOINT WARNING * * *
The acid corrodes you! Harold hits you with a +0 morningstar!
You die...

..............### ....
.............### #....
...............##.....
......................
................#.....
............?.......#
.............###..#
.............# ##
####......@#.#
###.....D@....#
.###.........##
$.##.###........ .# #.
#........ . .........
# ......... ........#


You could see Harold and an acid dragon.

Vanquished Creatures
  A death yak (D:7)
  An elephant (D:7)
  Maggie (D:7)
  The ghost of Atlas the Magician, a novice DjCj (D:4)
  A wraith (D:6)
  2 basilisks
  6 yaks (D:7)
  A steam dragon (D:7)
  A vampire mosquito (D:6)
  3 water moccasins
  A black bear (D:5)
  3 ice beasts
  2 orc warriors
  A hornet zombie (D:7)
  An ogre (D:6)
  3 necrophages
  4 centaurs
  2 kobold brigands
  2 bullfrogs (D:6)
  2 gnoll sergeants
  2 scorpions
  A wyvern skeleton (D:6)
  A water moccasin skeleton (D:4)
  A howler monkey (D:6)
  A centaur zombie (D:7)
  2 bullfrog zombies
  3 hounds
  5 jellies
  A bullfrog skeleton (D:6)
  An orc priest (D:3)
  3 centaur skeletons
  2 iguanas
  4 orc wizards
  2 hound skeletons
  Robin (D:2)
  10 adders
  3 gnolls
  2 shadow imps
  2 white imps
  An ufetubus (D:6)
  2 worms
  3 dart slugs
  14 orcs
  7 bats
  7 endoplasms
  6 giant cockroaches
  18 goblins
  7 hobgoblins
  A quokka (D:1)
  7 ball pythons
  2 frilled lizards (D:1)
  18 kobolds
  4 rats
183 creatures vanquished.

Vanquished Creatures (collateral kills)
  A dart slug (D:2)
  A quokka (D:2)
  A rat (D:2)
3 creatures vanquished.

Vanquished Creatures (others)
  A plant (D:8)
1 creature vanquished.

Grand Total: 187 creatures vanquished

Notes
Turn   | Place    | Note
-------+----------+-------------------------------------------
     0 | D:1      | bande the Gargoyle Fighter began the quest for the Orb.
     0 | D:1      | Reached XP level 1. HP: 14/14 MP: 1/1
    72 | D:1      | Found a faded altar of an unknown god.
   101 | D:1      | Reached XP level 2. HP: 19/19 MP: 2/2
   300 | D:1      | Reached skill level 2 in Axes
   577 | D:1      | Reached XP level 3. HP: 24/24 MP: 3/3
  1052 | D:2      | Noticed Robin
  1063 | D:2      | Killed Robin
  1064 | D:2      | Reached XP level 4. HP: 15/29 MP: 4/4
  2178 | D:3      | Found an ornate altar of the Wu Jian Council.
  2243 | D:3      | Reached skill level 3 in Axes
  2302 | D:3      | Reached XP level 5. HP: 26/34 MP: 5/5
  2789 | D:4      | Reached XP level 6. HP: 39/39 MP: 6/6
  3045 | D:4      | Reached skill level 4 in Axes
  3045 | D:4      | Reached skill level 1 in Evocations
  3535 | D:5      | Entered Level 5 of the Dungeon
  3556 | D:5      | Noticed an ice beast
  3587 | D:5      | Killed an ice beast
  3588 | D:5      | Reached XP level 7. HP: 42/44 MP: 7/7
  3637 | D:5      | Reached skill level 5 in Axes
  3674 | D:5      | Found a runed translucent gate.
  3674 | D:5      | Found a runed translucent gate.
  3674 | D:5      | Found a runed translucent gate.
  3676 | D:5      | Noticed Atlas's ghost (novice DjCj)
  3693 | D:5      | Reached skill level 5 in Fighting
  3699 | D:5      | Found a staircase to the Ecumenical Temple.
  3714 | Temple   | Entered the Ecumenical Temple
  4284 | D:5      | Found a sacrificial altar of Ru.
  4410 | D:5      | Reached XP level 8. HP: 49/49 MP: 8/8
  4519 | D:5      | Found a stormy altar of Qazlal.
  4780 | D:4      | Killed Atlas's ghost
  4781 | D:4      | Reached skill level 6 in Axes
  4781 | D:4      | Reached skill level 5 in Armour
  5854 | D:6      | Reached skill level 7 in Axes
  5854 | D:6      | Reached skill level 5 in Shields
  6244 | D:6      | Reached XP level 9. HP: 48/55 MP: 9/9
  6351 | D:6      | Found a burning altar of Makhleb.
  6351 | D:6      | Found a hide-covered altar of Uskayaw.
  6358 | D:6      | Found a broken altar of Ashenzari.
  6359 | D:6      | Found an ancient bone altar of Kikubaaqudgha.
  6564 | D:6      | Found a glowing golden altar of the Shining One.
  6570 | D:6      | Found a transporter.
  6579 | D:6      | Found a transporter.
  6609 | D:6      | Found a white marble altar of Elyvilon.
  7096 | D:6      | Identified the ring "Tiplavysm" {Wiz Will+ Str+3}
  7192 | D:6      | Reached skill level 8 in Axes
  7448 | D:7      | Noticed Maggie
  7465 | D:7      | Killed Maggie
  7782 | D:7      | Found Zin's Purification Station.
  7785 | D:7      | Found a glowing silver altar of Zin.
  7809 | D:7      | Found an iron altar of Okawaru.
  7817 | D:7      | Became a worshipper of Warmaster Okawaru
  7905 | D:7      | Reached XP level 10. HP: 35/61 MP: 10/10
  7910 | D:7      | Reached skill level 1 in Invocations
  7910 | D:7      | Reached skill level 5 in Evocations
  8735 | D:7      | Reached * piety under Okawaru
  8981 | D:7      | Reached skill level 9 in Axes
  9230 | D:8      | Noticed an elephant
  9240 | D:8      | Noticed a death yak
  9255 | D:7      | Killed an elephant
  9419 | D:7      | Killed a death yak
  9419 | D:7      | Reached ** piety under Okawaru
  9907 | D:8      | Found a staircase to the Lair.
  9991 | D:8      | Noticed Harold
  9999 | D:8      | Slain by Harold

Illustrated notes

Levels and vault maps discovered:
D:1:      dpeg_arrival_tiny_k, layout_basic,
          shapermc_ecumenical_altar_starsandcircs
D:2:      minmay_inner_zag, layout_basic, uniq_robin
D:3:      layout_rooms, lemuel_round_altar
D:4:      layout_loops_ring, minivault_24, hangedman_decor_lopped,
          hangedman_abyss_or_decor_jellyfish_corner
D:5:      layout_rooms, mainiacjoe_overflow_big_doors,
          minmay_temple_entry_glass, gammafunk_ghost_nasty_kobolds
D:6:      minmay_thinvault, layout_loops_ring, gammafunk_temple_overflow_arena,
          mainiacjoe_overflow_tiny_flanked, mainiacjoe_overflow_alcove_3
D:7:      layout_gridville, okawaru_ov_weapons_minmay, zin_purify, uniq_maggie
D:8:      layout_cave_pools, david_lair_generic, serial_shops,
          nicolae_take_the_stairs, gammafunk_ghost_hive, uniq_harold
Temple:   jpeg_temple_island

Skill      XL: |  1  2  3  4  5  6  7  8  9 10 |
---------------+-------------------------------+-----
Axes           | 2 3 4 5 7 8 9 |  9.6
Fighting       | 4 5 6 7 |  7.3
Shields        | 4 5 6 |  6.1
Armour         | 4 5 6 7 |  7.7
Evocations     | 1 2 3 4 5 |  5.9
Invocations    | 3 |  3.5

Action                   |  1- 3 |  4- 6 |  7- 9 | 10-12 || total
-------------------------+-------+-------+-------+-------++-------
Melee: War axe           |    73 |   228 |   362 |   189 ||   852
  Use: Scroll            |     3 |     8 |     6 |     1 ||    18
       Potion            |       |       |     1 |       ||     1
Armor: Scale mail        |    43 |    15 |       |       ||    58
       Plate armour      |       |   158 |   313 |   139 ||   610
Dodge: Dodged            |    49 |    75 |   131 |    81 ||   336
Block: Buckler           |    13 |    57 |    90 |    48 ||   208
       Kite shield       |       |       |       |    15 ||    15

Table legend: (Time is in decaauts)
 A = Elapsed time spent in this place.
 B = Non-inter-level travel time spent in this place.
 C = Inter-level travel time spent in this place.
 D = Time resting spent in this place.
 E = Time spent auto-exploring this place.
 F = Levels seen in this place.
 G = Mean time per level.
                   A        B        C        D        E       F      G
               +--------+--------+--------+--------+--------+-----+--------+
         Total |  10185 |  10036 |    149 |   2551 |   5048 |   9 | 1131.7 |
       Dungeon |   9639 |   9510 |    129 |   2551 |   4552 |   8 | 1204.9 |
        Temple |    546 |    526 |     20 |      0 |    496 |   1 |  546.0 |
               +--------+--------+--------+--------+--------+-----+--------+

Top non-repeatable levels by time:
     D:7: 2146 daAuts
     D:6: 2079 daAuts
     D:5: 1273 daAuts
     D:2: 1233 daAuts
     D:4: 1232 daAuts
     D:1: 901 daAuts
     D:3: 575 daAuts
  Temple: 546 daAuts
     D:8: 196 daAuts
